Cogmind - Beta 14 @@@ ROGUE MODE // 2024.10.03 @ 10:41:49 Player: Zane Result: Destroyed by as-69844 with Assembled Rifle Performance ------------- Evolutions (0) 0 Regions Visited (3) 600 Robots Destroyed (21) 105 Value Destroyed (532) 532 Prototype IDs (3) 60 Alien Tech Used (0) 0 Bonus (25) 25 TOTAL SCORE: 1322 Bonus ------- Follower Combat Kills 25 Cogmind --------- Core Integrity 0/250 Matter 241/300 Energy 250/250 System Corruption 4% Temperature Cool (0) Movement Walking (190) Ox1 Location -10/Exiles Parts ------- > --- POWER (1) -------- Ion Engine > --- PROPULSION (2) --- Aluminum Leg > --- UTILITY (2) ------ Small Storage Unit Light Armor Plating > --- WEAPON (2) ------- Light Cannon > --- INVENTORY (8) ---- Light Nuclear Core Aluminum Leg Aluminum Leg Aluminum Leg Structural Scanner Core Shielding Hacking Suite Medium Laser Peak State ------------ > --- POWER ------------ Ion Engine > --- PROPULSION ------- Aluminum Leg Aluminum Leg > --- UTILITY ---------- Medium Storage Unit Structural Scanner > --- WEAPON ----------- EM Pulse Gun Light Assault Rifle > --- INVENTORY -------- Light Ion Engine Light Treads Light Treads Aluminum Leg Aluminum Leg Small Storage Unit Hacking Suite Small Laser Small Laser [Rating: 8] Favorites ----------- Power Ion Engine Engine Ion Engine Propulsion Aluminum Leg Treads Light Treads Leg Aluminum Leg Utility Medium Storage Unit Device Structural Scanner Storage Medium Storage Unit Protection Light Armor Plating Weapon Light Assault Rifle Energy Gun Medium Laser Ballistic Gun Light Assault Rifle Ballistic Cannon Light Cannon Launcher Grenade Launcher Build | -11 -10 -10 -10 ------- Run | Yrd Mat Min Exi Slots Evolved . | . . . . Power . | . . . . Propulsion . | . . . . Utility . | . . . . Weapon . | . . . . Parts Attached 29 | 7 17 5 . Power 3 | 1 2 . . Engine 3 | 1 2 . . Core . | . . . . Reactor . | . . . . Propulsion 9 | 3 5 1 . Treads 1 | 1 . . . Leg 8 | 2 5 1 . Wheel . | . . . . Hover . | . . . . Flight . | . . . . Utility 8 | 1 4 3 . Device 1 | . 1 . . Storage 4 | 1 2 1 . Processor . | . . . . Hackware . | . . . . Protection 3 | . 1 2 . Artifact . | . . . . Weapon 9 | 2 6 1 . Energy Gun 5 | 1 4 . . Energy Cannon . | . . . . Ballistic Gun 2 | 1 1 . . Ballistic Cannon 1 | . 1 . . Launcher 1 | . . 1 . Special Weapon . | . . . . Impact Weapon . | . . . . Slashing Weapon . | . . . . Piercing Weapon . | . . . . Special Melee Weapon . | . . . . Unidentified Prototypes . | . . . . Parts Lost 8 | . 6 . 2 Power 1 | . 1 . . Propulsion 2 | . 1 . 1 Utility 1 | . 1 . . Weapon 4 | . 3 . 1 Highest Loss Streak 3 | . 3 . 2 To Critical Strikes 3 | . 1 . 2 Average Slot Usage (%) 97 | . 97 100 100 Engine 13 | . 13 14 14 Leg 27 | . 27 28 28 Device 10 | . 10 12 . Storage 14 | . 14 14 14 Protection 2 | . 2 1 14 Energy Gun 12 | . 16 . . Ballistic Gun 7 | . 9 . . Ballistic Cannon 4 | . 1 14 14 Launcher 2 | . . 14 14 Peak Build Rating 8 | 6 8 8 8 Average Rating 7 | 4 7 7 7 On Entrance 5 | . 6 8 8 Naked Turns . | . . . . Heaviest Build 21 | 11 21 19 19 Greatest Support 20 | 20 20 20 20 Greatest Overweight (x) 3 | 3 1 . 1 Average Overweight (x) . | . . . . Largest Inventory Capacity 10 | 8 10 10 8 Average Capacity 9 | 7 9 8 8 Most Carried 10 | 4 10 10 8 Average Carried 7 | 2 7 7 8 Final Capacity 10 | 8 10 8 8 Final Carried 10 | 4 10 8 8 Class Distribution -------------------- 83% | Mutant 16% | Scavenger-Mutant Dominant Class ---------------- Mutant | -10/Materials Mutant | -10/Mines Mutant | -10/Exiles Resources | -11 -10 -10 -10 ----------- Run | Yrd Mat Min Exi Matter Collected 685 | 221 372 92 . Remotely . | . . . . Salvage Created 611 | . 558 53 . Parts 39 | . 36 3 . Haulers Intercepted 1 | . 1 . . Recyclers Shooed 1 | . 1 . . Parts Field Recycled . | . . . . Retrieved Matter . | . . . . Parts Self-Destructed . | . . . . Prevented . | . . . . Kills | -11 -10 -10 -10 ------- Run | Yrd Mat Min Exi Combat Hostiles Destroyed 17 | . 13 4 . Guns 12 | . 12 . . Cannons 1 | . . 1 . AOE 4 | . 1 3 . Classes Destroyed 6 | . 6 . . Builder 1 | . 1 . . Hauler 1 | . 1 . . Operator 1 | . 1 . . Watcher 1 | . 1 . . Swarmer 6 | . 3 3 . Grunt 11 | . 10 1 . Best Kill Streak 5 | . 5 3 . Combat Bots Only 4 | . 4 3 . Max Kills in Single Turn 2 | . 2 2 . Gunslinging 1 | . 1 . . Exploded 2 | . 1 2 . Melee . | . . . . Uniques/NPCs Destroyed . | . . . . Combat | -11 -10 -10 -10 -------- Run | Yrd Mat Min Exi Hostile Shots Fired 130 | . 101 15 14 Missed 34 | . 27 4 3 Damage Taken 1231 | . 884 163 184 Core 256 | . 186 25 45 Absorbed by Shields . | . . . . Core Remaining (%) 100 | 100 . . . Volleys Fired 79 | . 64 15 . Largest 2 | . 2 2 . Hottest 90 | . 90 65 . Shots Fired 147 | . 128 18 1 Gun 128 | . 128 . . Cannon 16 | . . 16 . Launcher 3 | . . 2 1 Special . | . . . . Kinetic 54 | . 38 16 . Thermal 76 | . 76 . . Explosive 3 | . . 2 1 Electromagnetic 14 | . 14 . . Robot Hit Streak 12 | . 12 2 2 Robot Miss Streak 3 | . 2 3 . Penetration Max . | . . . . Secondary Targets 1 | . 1 . . Max Gunslinging Chain 1 | . 1 . . Shots Hit Robots 93 | . 85 7 1 Core Hits 37 | . 31 5 1 Critical Kills . | . . . . Critical Parts Destroyed . | . . . . Critical Strikes 4 | . 2 2 . Burn 2 | . 2 . . Blast 2 | . . 2 . Melee Attacks . | . . . . Impact . | . . . . Slashing . | . . . . Piercing . | . . . . Sneak Attacks . | . . . . Combat Hostiles . | . . . . Follow-up Attacks . | . . . . Damage Inflicted 1241 | . 993 245 3 Guns 915 | . 915 . . Cannons 103 | . . 103 . Explosions 185 | . 58 124 3 Melee . | . . . . Ramming 38 | . 20 18 . Kinetic 302 | . 199 103 . Thermal 657 | . 657 . . Explosive 127 | . . 124 3 Electromagnetic 117 | . 117 . . Impact . | . . . . Slashing . | . . . . Piercing . | . . . . Highest Corruption 4 | . 4 4 4 Average Corruption 3 | . 3 4 4 Corruption Purged . | . . . . Corruption Blocked . | . . . . Effects 15 | . 10 4 1 Message Errors 2 | . 2 . . Matter Fused 4 | . 3 1 . Heat Flow Errors 2 | . 2 . . Energy Discharges 1 | . 1 . . Data Loss (minor) 3 | . 2 1 . Data Loss (major) 1 | . . 1 . Misfires 2 | . . 1 1 Overload Shots . | . . . . Overflow Damage . | . . . . Projectiles . | . . . . Explosions . | . . . . Melee . | . . . . Knockbacks 5 | . . 5 . Impact 1 | . . 1 . Kinetic 4 | . . 4 . Secondary . | . . . . Self-Inflicted Damage 27 | . 15 12 . Shots 2 | . 1 1 . Rammed . | . . . . Targets Rammed 5 | 1 2 2 . Kicked 5 | 1 2 2 . Crushed . | . . . . Highest Temperature 534 | . 534 9 . Average Temperature 176 | . 194 4 . Received Heat Transfer 510 | . 438 72 . Effects 23 | . 23 . . Shutdowns 5 | . 5 . . Energy Bleed 2 | . 2 . . Interference 2 | . 2 . . Matter Decay 3 | . 3 . . Short Circuit 1 | . 1 . . Damage (minor) 5 | . 5 . . Damage (major) 5 | . 5 . . Siege Activations . | . . . . Robots Corrupted . | . . . . Combat Hostiles . | . . . . Parts Fried . | . . . . Impact Corruptions . | . . . . Robots Melted . | . . . . Combat Hostiles . | . . . . Parts Melted 1 | . 1 . . Heat Transferred 1823 | . 1823 . . Parts Sabotaged . | . . . . Parts Stolen . | . . . . Parts Stripped . | . . . . Power Chain Reactions 1 | . 1 . . Alert | -11 -10 -10 -10 ------- Run | Yrd Mat Min Exi Peak Influence 199 | . 191 199 . Initial 26 | . . 26 . Average 74 | . 64 142 . Maximum Alert Level . | . . . . Low Security (%) 100 | 100 100 100 . Level 1 . | . . . . Level 2 . | . . . . Level 3 . | . . . . Level 4 . | . . . . Level 5 . | . . . . High Security . | . . . . Max Security . | . . . . Squads Dispatched 1 | . 1 . . Investigation . | . . . . Extermination . | . . . . Reinforcement 1 | . 1 . . Assault . | . . . . Garrison . | . . . . Intercept . | . . . . Searches Triggered . | . . . . Construction Impeded . | . . . . Haulers Reinforced . | . . . . Active Scanning Responses . | . . . . Cargo Convoy Interrupts . | . . . . Stealth | -11 -10 -10 -10 --------- Run | Yrd Mat Min Exi Distress Signals 3 | . 3 . . Communications Jammed . | . . . . Distress Signals . | . . . . Times Spotted 32 | . 19 5 8 Peak Tracking Total 9 | . 5 3 9 Tactical Retreats 1 | . . 1 . Traps | -11 -10 -10 -10 ------- Run | Yrd Mat Min Exi Traps Triggered 3 | . 3 . . Indirectly . | . . . . Trap Hack Attempts . | . . . . Triggered . | . . . . Disarmed . | . . . . Reprogrammed . | . . . . Reused . | . . . . Traps Extracted . | . . . . Installed . | . . . . Triggered . | . . . . Machines | -11 -10 -10 -10 ---------- Run | Yrd Mat Min Exi Machines Disabled 3 | . 1 1 1 Max in Single Turn 1 | . 1 1 1 Machines Repaired . | . . . . Machines Dismantled . | . . . . Machines Sabotaged . | . . . . Overloaded Fab Kills . | . . . . Hacking | -11 -10 -10 -10 --------- Run | Yrd Mat Min Exi Machines Accessed 6 | . 6 . . Terminals 6 | . 6 . . Fabricators . | . . . . Repair Stations . | . . . . Recycling Units . | . . . . Scanalyzers . | . . . . Garrison Access . | . . . . Total Hacks 14 | . 14 . . Successful 7 | . 7 . . Failed 7 | . 7 . . Catastrophic . | . . . . Database Lockouts . | . . . . Manual . | . . . . Terminals 14 | . 14 . . Fabricators . | . . . . Repair Stations . | . . . . Recycling Units . | . . . . Scanalyzers . | . . . . Garrison Access . | . . . . Terminal Hacks 7 | . 7 . . Robot Analysis 1 | . 1 . . Prototype ID Bank 2 | . 2 . . Emergency Access Points 1 | . 1 . . Alert Level 1 | . 1 . . Locate Traps 1 | . 1 . . Hauler Manifests 1 | . 1 . . Fabricator Hacks . | . . . . Repair Station Hacks . | . . . . Recycling Unit Hacks . | . . . . Scanalyzer . | . . . . Garrison Access Hacks . | . . . . Unauthorized Hacks . | . . . . Terminals . | . . . . Fabricators . | . . . . Repair Stations . | . . . . Recycling Units . | . . . . Scanalyzers . | . . . . Garrison Access . | . . . . Data Cores Recovered . | . . . . Used . | . . . . Hacking Detections 5 | . 5 . . Full Trace Events . | . . . . Feedback Events . | . . . . Feedback Blocked . | . . . . Robot Schematics Acquired . | . . . . Robots Built . | . . . . Authchips . | . . . . Time . | . . . . Total Robot Build Rating . | . . . . Part Schematics Acquired . | . . . . Parts Built . | . . . . Authchips . | . . . . Time . | . . . . Total Part Build Rating . | . . . . Parts Repaired . | . . . . Time . | . . . . Parts Recycled . | . . . . Recycled Matter . | . . . . Retrieved Matter . | . . . . Retrieved Components . | . . . . Parts Scanalyzed . | . . . . Part Schematics Acquired . | . . . . Parts Damaged . | . . . . Bothacking | -11 -10 -10 -10 ------------ Run | Yrd Mat Min Exi Used RIF Installer . | . . . . Robots Hacked . | . . . . Non-combat . | . . . . Combat . | . . . . Robot Hacks Applied . | . . . . Relay Couplers Released . | . . . . Fabnet Peak Effective % . | . . . . Robots Rewired . | . . . . Allies Hacked . | . . . . Hacks Repelled . | . . . . Allies | -11 -10 -10 -10 -------- Run | Yrd Mat Min Exi Total Allies 3 | . . 3 . Largest Group 3 | . . 3 . Highest-Rated Group 40 | . . 40 . Highest-Rated Ally 16 | . . 16 . Total Orders . | . . . . Ally Attacks 9 | . . 9 . Total Damage 85 | . . 85 . Kills 2 | . . 2 . Allies Corrupted . | . . . . Allies Melted . | . . . . Intel | -11 -10 -10 -10 ------- Run | Yrd Mat Min Exi Robot Analysis Total 1 | . 1 . . Derelict Logs Recovered 1 | . . 1 . Drone Launches . | . . . . Drone Recoveries . | . . . . Exploration | -11 -10 -10 -10 ------------- Run | Yrd Mat Min Exi Turns Passed 1464 | 69 1102 242 51 Spaces Moved 829 | 43 582 162 42 Core 9 | 9 . . . Treads 6 | 6 . . . Legs 814 | 28 582 162 42 Wheels . | . . . . Hover . | . . . . Flight . | . . . . Fastest Speed 50 | 50 120 120 120 Average Speed 127 | 125 129 120 121 Slowest Speed 200 | 200 190 120 190 Overloaded Moves . | . . . . Propulsion Burnouts . | . . . . Robots Hopped . | . . . . Cave-ins Triggered . | . . . . Exploration Rate (%) 37 | 4 94 39 13 Regions Visited 3 Branch Regions 2 Pre-discovered Areas . | . . . . Known Exits Taken . | . . . . Unknown Exits Taken 3 | 1 1 1 . Scrap Searched . | . . . . Spaces Dug . | . . . . Terrain Destroyed 20 | . 2 15 3 Melee . | . . . . Projectile . | . . . . AOE 20 | . 2 15 3 Terrain Rammed . | . . . . Walls Destroyed . | . . . . Machines Disabled . | . . . . Actions | -11 -10 -10 -10 --------- Run | Yrd Mat Min Exi Total 1097 | 54 809 192 42 Wait 121 | . 119 2 . Move 826 | 42 581 161 42 Hop . | . . . . Pick Up 18 | 3 13 2 . Fast Attach 13 | 7 6 . . Attach 4 | . 4 . . Detach 2 | 1 1 . . Swap 12 | . 7 5 . Drop 17 | . 12 5 . Fire 79 | . 64 15 . Melee . | . . . . Ram . | . . . . Kick 5 | 1 2 2 . Crush . | . . . . Escape Stasis . | . . . . Rewire . | . . . . Trap . | . . . . Miscellaneous . | . . . . Route ------- -11/Scrapyard -10/Materials (discovered 4 exits: [*Mat x3] / [*Min]) -10/Mines (discovered 2 exits: [*Mat] / [*Exi]) -10/Exiles (discovered 1 exit: [*Min]) History --------- Turn | Location | Event 8 | -11/Scrapyard | Discovered new exit (range 16) 70 | -11/Scrapyard | Entered Materials 178 | -10/Materials | Discovered new exit (range 11) 326 | -10/Materials | Build established: Mutant 343 | -10/Materials | Lost 3 parts (1p1u1w) 347 | -10/Materials | Discovered new exit (range 10) 705 | -10/Materials | Core integrity fell below 50% 779 | -10/Materials | Discovered new exit (range 4) 1006 | -10/Materials | Discovered new exit (range 11) 1172 | -10/Materials | Entered Mines 1183 | -10/Mines | Discovered new exit (range 6) 1232 | -10/Mines | Learned 2 Materials zone layouts 1254 | -10/Mines | Assisted by bots powering up and referring to "LRC-V3" 1305 | -10/Mines | Core integrity fell below 20% 1380 | -10/Mines | Assembled infested the area 1409 | -10/Mines | Deemed a non-threat by the Exiles lab entrance 1409 | -10/Mines | Discovered new exit (range 5) 1414 | -10/Mines | Entered Exiles 1430 | -10/Exiles | Discovered new exit (range 15) 1436 | -10/Exiles | Lost 3 allies 1444 | -10/Exiles | Met 8R-AWN 1461 | -10/Exiles | Attacked by the Exiles 1465 | -10/Exiles | Destroyed by as-69844 with Assembled Rifle Last Messages --------------- Grenade Launcher. 01461_ System corrupted: Grenade Launcher misfires. 01461_ EXILES: Hostile robot within lab perimeter. Defensive protocols time, folks! 01461_ Machine disabled. 01461_ Penetrated by HV Slug. 01461_ Critical hit (Destroy). 01461_ Grenade Launcher destroyed. 01461_ HV Slug penetrates Wall. 01461_ Penetrated by HV Slug. 01461_ Critical hit (Destroy). 01461_ HV Slug penetrates Wall. 01463_ HV Slug penetrates Machine. 01463_ Machine disabled. 01463_ HV Slug penetrates Wall. 01463_ Penetrated by HV Slug. 01463_ Critical hit (Destroy). 01463_ Aluminum Leg destroyed. 01463_ HV Slug penetrates Wall. Map ----- +----------------------------------------------------+ | ?????????????????????????????????????????????????? | | ?????????????????????????????????????????????????? | | ?????????????????????????????????????????????????? | | ?????????????????????????????????????????????????? | | ?????????????????????????????????????????????????? | | ?????????????????????????????????????????????????? | | ?????????????????????????????????????????????????? | | ?????????????????????????????????????????????????? | | ?????????????????????????????????????????????????? | | ?????????????????????????????????????????????????? | | ?????????????????????????????????????????????????? | | ?????????????????????????????????????????????????? | | ????????????????????????????????????????????????? | | ????????????????????????????????????????????????? | | ????????????????????????????????????????????????? | | ????????????????????????????????????????????????# | | ??????????????????????????????????????????????## | | ??????????????????????????????????????????????# | | ??????????????????????????#####???????????????# | | ?????????????????????????# " #??????????????## | | ????????????????????????## #?????????????## | | ???????????????????????## g ##????????????# | | ??????????????????????## ###????????### | | ??????????????????????# ########## | | ?????????????????????## #""""## # | | ?????????????????????# @ * # | | ?????????????? ## * | | ?????????? aa #### | | ?????????? a " #?#"""""#### | | ????????? #"" ;#?#######??#### * | | ?????????? #######?????????????##### | | ?????????? #????????????????????????### | | ????????? a a #???????????????????????????### | | ?????????? ""??????????????????????????????## | | ?????????? "????????????????????????????????# | | ???????????"""""?????????????????????????????????# | | ?????????????????????????????????????????????????? | | ?????????????????????????????????????????????????? | | ?????????????????????????????????????????????????? | | ?????????????????????????????????????????????????? | | ?????????????????????????????????????????????????? | | ?????????????????????????????????????????????????? | | ?????????????????????????????????????????????????? | | ?????????????????????????????????????????????????? | | ?????????????????????????????????????????????????? | | ?????????????????????????????????????????????????? | | ?????????????????????????????????????????????????? | | ?????????????????????????????????????????????????? | | ?????????????????????????????????????????????????? | | ?????????????????????????????????????????????????? | +----------------------------------------------------+ Best States ------------- Heat Dissipation 25 Energy Generation 10 Energy Capacity 250 Matter Stores 300 Matter Capacity 300 Sight Range 16 Terrain Scan Density 10 Armor Coverage 150 Evasion (%) 55 Recoil Reduction 1 Item Schematics ----------------- None Robot Schematics ------------------ None Fabricated ------------ Nothing Alien Tech Used ----------------- None Achievements -------------- None Challenges ------------ None Game ------ Seed AssaultTripodRedistributor Manual? 0 Play Time 00:21:21 Cumulative 10.8 hours Start 2024.10.03 @ 10:18:27 End 2024.10.03 @ 10:41:49 Sessions 1 Manual Loads 0 Difficulty Rogue Special Mode None Game No. 13 Rogue 13 Adventurer 0 Explorer 0 Win Type - Total 0 Types 0/0/0/0/0/0/0/0/0 Lore% 12 Gallery% 17 Achievement% 16 Wizard Run 0 Options --------- Layout 1 ASCII 0 Keyboard 0 Movement Numpad Keybinds 0 Fullscreen 1 Font 24/Smallcaps Map View 50x35 Zoom Use 0% Tactical HUD 1 Map Filters NONE Filters NONE Steam 1 RUN: bc954207-3729-48aa-8591-bd6b9423d9bd